 Dungeon Sprint DCSS version 0.23.2-1-ga50397a6bc (webtiles) character file.

Game seed: 848626701072653615

19863 Groucho the Warrior (level 12, -15/125 HPs)
             Began as a Minotaur Fighter on Apr 15, 2019.
             Was the Champion of Cheibriados.
             Killed from afar by a tengu reaver (37 damage)
             ... with a bolt of acid
             ... in the Dungeon (Sprint IX: "|||||||||||||||||||||||||||||").
             The game lasted 00:07:28 (3287 turns).

Groucho the Warrior (Minotaur Fighter)              Turns: 3287, Time: 00:07:28

Health: -15/125    AC: 23    Str: 39    XL:     12   Next: 40%
Magic:  21/21      EV:  9    Int: 20    God:    Cheibriados [******]
Gold:   124        SH: 19    Dex: 33    Spells: 11/11 levels left

rFire    . . .     SeeInvis .   n - +1 broad axe (chop)
rCold    . . .     Gourm    .   c - +0 shield
rNeg     . . .     Faith    .   K - +0 storm dragon scales
rPois    .         Spirit   .   D - +0 hat
rElec    +         Reflect  .   (no cloak)
rCorr    .         Harm     .   L - +1 pair of gloves
MR       .....     NoTele   +   J - +1 pair of boots
Stlth    ..........             (no amulet)
HPRegen  0.30/turn              q - +3 ring of strength
MPRegen  0.17/turn              r - +3 ring of dexterity

@: lethally poisoned (-15 -> -19), very slow
A: retaliatory headbutt, horns 2
a: Bend Time, Temporal Distortion, Slouch, Step From Time, Renounce Religion


You were in the Dungeon.
You worshipped Cheibriados.
Cheibriados was exalted by your worship.
You were not hungry.

You visited 1 branch You collected 1900 gold pieces.
You spent 1776 gold pieces at shops.

Inventory:

Hand Weapons
 n - a +1 broad axe of chopping (weapon)
 w - a +3 scimitar of flaming
 H - the +8 autumn katana {slice, Clar}
   (You found it in the Dungeon)

   It inflicts extra damage upon your enemies.
   It protects you against confusion.
 I - a +3 flail of holy wrath
Missiles
 o - 7 tomahawks (quivered)
Armour
 c - a +0 shield (worn)
 D - a +0 hat (worn)
 J - a +1 pair of boots (worn)
 K - +0 storm dragon scales (worn)
 L - a +1 pair of gloves (worn)
Jewellery
 q - a +3 ring of strength (left hand)
 r - a +3 ring of dexterity (right hand)
 E - an uncursed ring of protection from magic
 F - an uncursed ring of protection from cold
 G - an uncursed ring of see invisible
Wands
 m - a wand of acid (16)
 y - a wand of iceblast (9)
Scrolls
 a - a scroll of magic mapping
 b - a scroll of fear
 j - 6 scrolls of remove curse
 k - 6 scrolls of blinking
 l - 3 scrolls of amnesia
 t - 2 scrolls of enchant weapon
 u - 4 scrolls of identify
 v - 4 scrolls of enchant armour
Potions
 d - 4 potions of might
 e - 7 potions of curing
 g - a potion of mutation
 h - a potion of invisibility
 i - 2 potions of magic
 s - a potion of brilliance
 z - 5 potions of heal wounds
 A - a potion of flight
 B - a potion of resistance
 C - a potion of agility
Comestibles
 f - 17 rations


   Skills:
 + Level 17.0 Fighting
 + Level 16.8 Axes
 + Level 16.9 Armour
 + Level 17.0 Shields
 - Level 14.0 Invocations


You had 11 spell levels left.
You didn't know any spells.
Your spell library was empty.

Dungeon Overview and Level Annotations

Branches:
Dungeon (1/1)

Altars:
Cheibriados
Dithmenos
Elyvilon
Fedhas
Gozag
Hepliaklqana
Kikubaaqudgha
Makhleb
Nemelex Xobeh
Okawaru
Qazlal
Ru
Sif Muna
Trog
Uskayaw
Vehumet
Wu Jian
Xom
Yredelemnul
Zin
The Shining One
Beogh
Jiyva
Lugonu

Shops:
D !?}


Innate Abilities, Weirdness & Mutations

You reflexively headbutt those who attack you in melee.
You have a pair of horns on your head.


Message History

The spriggan changes into a raiju!
The tengu reaver points at you and mumbles some strange words.
The bolt of poison hits you!!!
You are poisoned.
* * * LOW HITPOINT WARNING * * *
The shadow imp grins evilly.
The tengu reaver hits you with a +0 bardiche.
* * * LOW HITPOINT WARNING * * *
The tengu reaver pecks you.
* * * LOW HITPOINT WARNING * * *
You block the tengu reaver's attack.
You barely miss the tengu reaver. Your headbutt misses the tengu reaver.
You feel sick.
Unknown command.
You hit the tengu reaver. Your headbutt misses the tengu reaver.
The tengu reaver is lightly wounded.
You feel sick.
The tengu reaver gestures at you while chanting.
The bolt of acid hits you!!!
You die...

▓.▓.▓'▓.▓.▓.▓_▓
▓(▓.▓)▓.▓'▓.▓'▓
▓(▓.▓)▓.▓.▓.▓.▓
▓.▓.▓)▓.▓.▓.▓.▓
▓(▓.▓)▓.▓.▓.▓|▓
▓)▓.▓)▓.▓.▓.▓[▓
▓)▓.▓∩▓.▓.▓.▓.▓
▓)▓.▓.▓.▓.▓.▓.▓
▓@▓.▓∩▓.▓.▓.▓.▓
▓Q▓.▓.▓.▓.▓.▓.▓
▓h▓.▓∩▓.▓.▓.▓.▓
▓{▓.▓.▓.▓)▓.▓)▓
▓5▓.▓∩▓.▓[▓.▓)▓
▓Z▓.▓)▓.▓.▓.▓.▓
▓*▓.▓.▓.▓'▓.▓.▓
▓c▓.▓.▓.▓.▓.▓.▓
▓.▓.▓.▓.▓.▓.▓


You could see a tengu reaver, a yaktaur, a raiju shaped shifter, a battlesphere,
a shadow imp and a bat zombie.

Vanquished Creatures
  Gastronok (D)
  A dire elephant (D)
  Erica (D)
  A two-headed ogre (D)
  An ogre mage (D)
  A deep troll earth mage (D)
  6 orc high priests (D)
  A skeletal warrior (D)
  9 orc knights (D)
  A cyclops (D)
  8 elephants (D)
  A spiny frog (D)
  3 hippogriffs (D)
  A wyvern (D)
  A basilisk (D)
  A yak (D)
  A wraith (D)
  A porcupine (D)
  9 orc warriors (D)
  An ice beast (D)
  4 crocodiles (D)
  9 bullfrogs (D)
  A gnoll sergeant (D)
  A scorpion (D)
  A killer bee (D)
  A hound (D)
  A jelly (D)
  2 orc priests (D)
  9 orc wizards (D)
  An adder (D)
  A shadow imp (D)
  5 orcs (D)
  A bat zombie (D)
  A giant cockroach (D)
  2 quokkas (D)
  A bat (D)
  A frilled lizard (D)
  A giant cockroach zombie (D)
  A kobold (D)
  A quokka zombie (D)
  A rat (D)
96 creatures vanquished.

Notes
Turn   | Place    | Note
-------+----------+-------------------------------------------
     0 | D        | Groucho the Minotaur Fighter began the quest for the Orb.
     0 | D        | Reached XP level 1. HP: 19/19 MP: 0/0
    20 | D        | Noticed a scorpion
    26 | D        | Killed a scorpion
    26 | D        | Reached skill level 5 in Fighting
    26 | D        | Reached skill level 5 in Armour
    26 | D        | Reached skill level 5 in Shields
    26 | D        | Reached XP level 2. HP: 27/29 MP: 1/1
    26 | D        | Reached XP level 3. HP: 34/36 MP: 2/2
    32 | D        | Reached skill level 5 in Axes
   338 | D        | Found a roughly hewn altar of Beogh.
   338 | D        | Found a snail-covered altar of Cheibriados.
   338 | D        | Found a shadowy altar of Dithmenos.
   338 | D        | Found a white marble altar of Elyvilon.
   338 | D        | Found a blossoming altar of Fedhas.
   338 | D        | Found an opulent altar of Gozag.
   339 | D        | Found a hazy altar of Hepliaklqana.
   340 | D        | Found a viscous altar of Jiyva.
   341 | D        | Found an ancient bone altar of Kikubaaqudgha.
   342 | D        | Became a worshipper of Cheibriados the Contemplative
   343 | D        | Found a corrupted altar of Lugonu.
   344 | D        | Found a burning altar of Makhleb.
   345 | D        | Found a sparkling altar of Nemelex Xobeh.
   346 | D        | Found an iron altar of Okawaru.
   347 | D        | Found a stormy altar of Qazlal.
   348 | D        | Found a sacrificial altar of Ru.
   349 | D        | Found a deep blue altar of Sif Muna.
   350 | D        | Found a bloodstained altar of Trog.
   351 | D        | Found a hide-covered altar of Uskayaw.
   352 | D        | Found a radiant altar of Vehumet.
   353 | D        | Found an ornate altar of the Wu Jian Council.
   354 | D        | Found a shimmering altar of Xom.
   355 | D        | Found a basalt altar of Yredelemnul.
   356 | D        | Found a glowing silver altar of Zin.
   357 | D        | Found a glowing golden altar of the Shining One.
   416 | D        | Noticed a killer bee
   416 | D        | Noticed a gnoll sergeant
   416 | D        | Noticed a wyvern
   421 | D        | Killed a killer bee
   421 | D        | Reached * piety under Cheibriados
   421 | D        | Reached XP level 4. HP: 41/45 MP: 2/4
   423 | D        | Reached ** piety under Cheibriados
   423 | D        | Reached XP level 5. HP: 40/51 MP: 2/6
   437 | D        | Killed a wyvern
   437 | D        | Reached *** piety under Cheibriados
   437 | D        | Reached XP level 6. HP: 36/62 MP: 4/8
   786 | D        | Noticed a wraith
   786 | D        | Noticed a yak
   786 | D        | Noticed a hippogriff
   788 | D        | Killed a wraith
   788 | D        | Reached skill level 5 in Invocations
   790 | D        | Killed a yak
   790 | D        | Reached **** piety under Cheibriados
   790 | D        | Reached XP level 7. HP: 70/70 MP: 8/10
   796 | D        | Killed a hippogriff
   796 | D        | Reached ***** piety under Cheibriados
   796 | D        | Reached skill level 10 in Fighting
   796 | D        | Reached skill level 10 in Armour
   796 | D        | Reached skill level 10 in Shields
   913 | D        | Noticed a spiny frog
   913 | D        | Reached skill level 10 in Axes
   913 | D        | Reached XP level 8. HP: 78/79 MP: 12/12
   918 | D        | Reached ****** piety under Cheibriados
   923 | D        | Killed a spiny frog
   939 | D        | Noticed a hippogriff
   939 | D        | Noticed an elephant
   942 | D        | Killed a hippogriff
   942 | D        | Noticed a hippogriff
   946 | D        | Reached XP level 9. HP: 82/89 MP: 14/14
   950 | D        | Killed an elephant
   976 | D        | Noticed an elephant
   976 | D        | Noticed an elephant
   976 | D        | Noticed an elephant
   976 | D        | Noticed an elephant
   976 | D        | Noticed an elephant
   976 | D        | Noticed an elephant
   979 | D        | Noticed a dire elephant
   984 | D        | Killed an elephant
   990 | D        | Killed an elephant
   993 | D        | Killed an elephant
   993 | D        | Reached skill level 10 in Invocations
   993 | D        | Reached XP level 10. HP: 48/100 MP: 16/16
   993 | D        | Killed an elephant
   993 | D        | Killed an elephant
   994 | D        | Killed an elephant
   995 | D        | Killed a dire elephant
  1027 | D        | Noticed an elephant
  1033 | D        | Killed an elephant
  1506 | D        | Noticed Erica
  1515 | D        | Killed Erica
  1968 | D        | Noticed an orc knight
  1968 | D        | Noticed an orc knight
  1980 | D        | Killed an orc knight
  1981 | D        | Reached XP level 11. HP: 50/111 MP: 12/18
  1985 | D        | Killed an orc knight
  2412 | D        | Found Xegrabur's Distillery.
  2412 | D        | Noticed an orc knight
  2412 | D        | Noticed an orc knight
  2412 | D        | Noticed an orc knight
  2412 | D        | Noticed an orc knight
  2412 | D        | Noticed an orc high priest
  2413 | D        | Noticed an orc high priest
  2413 | D        | Noticed an orc high priest
  2418 | D        | Killed an orc knight
  2418 | D        | Killed an orc high priest
  2418 | D        | Killed an orc high priest
  2418 | D        | Reached skill level 15 in Fighting
  2418 | D        | Reached skill level 15 in Armour
  2418 | D        | Reached skill level 15 in Shields
  2418 | D        | Noticed an orc high priest
  2420 | D        | Killed an orc knight
  2420 | D        | Reached skill level 15 in Axes
  2422 | D        | Noticed a sixfirhy
  2422 | D        | Killed an orc knight
  2423 | D        | Found Suimok's Food Shoppe.
  2424 | D        | Killed an orc knight
  2428 | D        | Killed an orc high priest
  2429 | D        | Noticed an orc knight
  2437 | D        | Killed an orc high priest
  2438 | D        | Found Wuats's Magic Scroll Emporium.
  2438 | D        | Noticed an orc high priest
  2438 | D        | Noticed an orc knight
  2439 | D        | Noticed a sun demon
  2446 | D        | Killed an orc knight
  2446 | D        | Noticed an orc high priest
  2452 | D        | Noticed a soul eater
  2457 | D        | Killed an orc high priest
  2462 | D        | Killed an orc knight
  2463 | D        | Killed an orc high priest
  2464 | D        | Found Gengeomn's Gadget Shoppe.
  2977 | D        | Noticed an orc knight
  2986 | D        | Killed an orc knight
  2989 | D        | Bought a wand of acid (6) for 280 gold pieces
  2991 | D        | Bought a scroll of blinking for 90 gold pieces
  2991 | D        | Bought a scroll of blinking for 90 gold pieces
  2991 | D        | Bought a scroll of magic mapping for 42 gold pieces
  2991 | D        | Bought a scroll of identify for 24 gold pieces
  2991 | D        | Bought a scroll of identify for 24 gold pieces
  2995 | D        | Bought a potion of might for 40 gold pieces
  2995 | D        | Bought a potion of curing for 30 gold pieces
  2995 | D        | Bought a potion of curing for 30 gold pieces
  2995 | D        | Bought a potion of mutation for 80 gold pieces
  2995 | D        | Bought a potion of heal wounds for 50 gold pieces
  2995 | D        | Bought a potion of flight for 30 gold pieces
  2995 | D        | Bought a potion of resistance for 100 gold pieces
  2995 | D        | Bought a potion of agility for 40 gold pieces
  2995 | D        | Bought a potion of might for 40 gold pieces
  2995 | D        | Bought a potion of curing for 30 gold pieces
  2999 | D        | Bought a ration for 70 gold pieces
  2999 | D        | Bought a ration for 70 gold pieces
  2999 | D        | Bought a ration for 70 gold pieces
  2999 | D        | Bought a ration for 70 gold pieces
  2999 | D        | Bought a ration for 70 gold pieces
  2999 | D        | Bought a ration for 70 gold pieces
  2999 | D        | Bought a ration for 70 gold pieces
  2999 | D        | Bought a ration for 70 gold pieces
  3005 | D        | Bought a wand of iceblast (10) for 196 gold pieces
  3062 | D        | Noticed Gastronok
  3076 | D        | Killed Gastronok
  3076 | D        | Reached XP level 12. HP: 87/124 MP: 19/21
  3123 | D        | Found the +8 autumn katana {slice, Clar}
  3251 | D        | Noticed a two-headed ogre
  3252 | D        | Noticed an ogre mage
  3257 | D        | Noticed a deep troll earth mage
  3261 | D        | Killed a two-headed ogre
  3271 | D        | Noticed a tengu reaver
  3280 | D        | Killed an ogre mage
  3284 | D        | Killed a deep troll earth mage
  3287 | D        | Killed from afar by a tengu reaver

Skill      XL: |  1  2  3  4  5  6  7  8  9 10 11 12 |
---------------+-------------------------------------+-----
Shields        | 5 6 8 9 10 11 12 14 16 17 | 17.0
Fighting       | 5 6 8 9 10 11 12 14 16 17 | 17.0
Armour         | 5 6 8 9 10 11 12 14 16 | 16.9
Axes           | 4 5 6 8 9 10 11 12 14 16 | 16.8
Invocations    | 2 4 6 7 8 10 11 13 14 | 14.0

Action                   |  1- 3 |  4- 6 |  7- 9 | 10-12 || total
-------------------------+-------+-------+-------+-------++-------
Melee: War axe           |    19 |       |       |       ||    19
       Headbutt          |     2 |     8 |    23 |    55 ||    88
       Broad axe         |     5 |    17 |    65 |   128 ||   215
Invok: Slouch            |       |       |     3 |     9 ||    12
Evoke: Wand              |       |       |       |     1 ||     1
  Use: Potion            |     1 |     2 |     1 |     5 ||     9
  Eat: Ration            |       |       |       |     2 ||     2
Armor: Scale mail        |     8 |     3 |    17 |     6 ||    34
       Plate armour      |       |       |       |     7 ||     7
       Storm dragon scal |       |       |       |    15 ||    15
Dodge: Dodged            |     7 |     1 |    13 |    14 ||    35
Block: Shield            |     7 |    15 |    42 |    66 ||   130
